 Dungeon Crawl Stone Soup version 0.22.1-5-g62c59d9 (webtiles) character file.

35 Gingerlord the Sneak (level 3, 0/17 HPs)
             Began as a Spriggan Enchanter on Jan 8, 2019.
             Slain by a gnoll
             ... wielding a +0 whip
              (7 damage)
             ... on level 2 of the Dungeon.
             The game lasted 00:02:26 (1540 turns).

Gingerlord the Sneak (Spriggan Enchanter)           Turns: 1540, Time: 00:02:26

Health: 0/17       AC:  2    Str:  5    XL:     3   Next: 16%
Magic:  1/8        EV: 19    Int: 16    God:
Gold:   64         SH:  0    Dex: 16    Spells: 5/8 levels left

rFire    . . .     SeeInvis +   a - +1 dagger
rCold    . . .     Gourm    .   (shield restricted)
rNeg     . . .     Faith    .   b - +0 robe
rPois    .         Spirit   .   (helmet restricted)
rElec    .         Reflect  .   (no cloak)
rCorr    .         Harm     .   (gloves unavailable)
MR       .....                  (boots unavailable)
Stlth    +++.......             (no amulet)
HPRegen  0.05/turn              (no ring)
MPRegen  0.11/turn              (no ring)

@: very quick
A: very small, unfitting armour, see invisible, herbivore, speed 3, slow
metabolism 2
a: no special abilities


You were on level 2 of the Dungeon.
You were not hungry.

You visited 1 branch of the dungeon, and saw 2 of its levels.

You collected 64 gold pieces.

Inventory:

Hand Weapons
 a - a +1 dagger (weapon)
Armour
 b - a +0 robe (worn)
Jewellery
 i - an uncursed ring of see invisible {unknown}
Scrolls
 e - a scroll of identify {unknown}
 g - 3 scrolls of enchant armour {unknown}
 h - a scroll of fog {unknown}
Potions
 c - 2 potions of curing {unknown}
 f - a potion of cancellation {unknown}
 j - a potion of haste {unknown}
Comestibles
 d - 4 rations


   Skills:
 * Level 0.7 Fighting
 * Level 1.8 Short Blades
 * Level 3.5 Dodging
 * Level 4.9 Stealth
 + Level 3.0 Spellcasting
 + Level 3.8 Hexes


You had 5 spell levels left.
You knew the following spells:

 Your Spells              Type           Power        Failure   Level  Hunger
a - Corona                Hex            ##.....      3%          1    #......
b - Ensorcelled Hibernat  Hex/Ice        #.....       13%         2    ##.....

Your spell library contained the following spells:

 Spells                   Type           Power        Failure   Level  Hunger
 Confuse                  Hex            ##......     12%         3    ###....
 Tukima's Dance           Hex            ##......     12%         3    ###....
 Dazzling Spray           Conj/Hex       #.....       26%         3    ###....


Dungeon Overview and Level Annotations

Branches:
Dungeon (2/15)

Altars:
Fedhas


Innate Abilities, Weirdness & Mutations

You are very small and have problems with some larger weapons.
You are too small for most types of armour.
You have supernaturally acute eyesight. (SInv)
You are a herbivore.
You cover ground extremely quickly.
You need to consume almost no food.


Message History

You hit the kobold but do no damage.
The kobold is moderately wounded.
The goblin barely misses you. The gnoll barely misses you.
You closely miss the kobold.
The kobold is moderately wounded.
The kobold closely misses you. The goblin misses you. The gnoll misses you.
You barely miss the kobold.
The kobold is moderately wounded.
The kobold closely misses you. The goblin misses you.
The gnoll closely misses you.
You hit the kobold but do no damage.
The kobold is moderately wounded.
The kobold closely misses you. The goblin closely misses you.
The gnoll completely misses you.
You miss the kobold. The kobold hits you. The goblin closely misses you.
The gnoll completely misses you.
You hit the kobold but do no damage. The kobold closely misses you.
The goblin hits you.
You closely miss the kobold. The gnoll hits you with a whip!
You die...

# #g# #.#...#
#g# #.......
#.#
#..........
#.##
#.#.........#
#..#
#.###.#####.#
##.# # ##.# #
#g## .....
#gg##.P.P..
##g@Kl._...
####.P.P..
..... #... ..
.


You could see 2 gnolls, 2 goblins, a kobold and a frilled lizard.

Vanquished Creatures
  A gnoll (D:2)
  An ooze (D:1)
  A giant cockroach (D:1)
  3 goblins (D:1)
  3 hobgoblins (D:1)
  6 kobolds (D:1)
  3 bats (D:1)
  A rat (D:1)
19 creatures vanquished.

Notes
Turn   | Place    | Note
-------+----------+-------------------------------------------
     0 | D:1      | Gingerlord the Spriggan Enchanter began the quest for the
                  | Orb.
     0 | D:1      | Reached XP level 1. HP: 9/9 MP: 5/5
   557 | D:1      | Reached XP level 2. HP: 13/14 MP: 6/6
   606 | D:1      | Learned a level 2 spell: Ensorcelled Hibernation
  1508 | D:2      | Reached XP level 3. HP: 17/17 MP: 0/8
  1527 | D:2      | Found a blossoming altar of Fedhas.
  1540 | D:2      | Slain by a gnoll

Skill      XL: |  1  2 |
---------------+-------+-----
Spellcasting   | 3 |  3.0
Fighting       | |  0.7
Short Blades   | |  1.8
Dodging        | |  3.5
Stealth        | |  4.9
Hexes          | |  3.8

Action                   || total
-------------------------++-------
Melee: Dagger            ||    87
 Cast: Ensorcelled Hiber ||     4
  Use: Potion            ||     1
 Stab: Sleeping          ||     6
Armor: Robe              ||     5
Dodge: Dodged            ||    85
